TEX
SAN ANTONIO MISSIONS @ SPRINGFIELD CARDINALS
07/11/2099
 
TOP OF THE 1ST
San Antonio Missions batting - Pitching for Springfield Cardinals : LHP Matt Bates
Pitching: LHP Matt Bates
Batting: RHB Rich Ortiz 0-0: Ball
1-0: Called Strike
1-1: Swinging Strike
1-2: Strikes out swinging
Batting: SHB Billy Schneider 0-0: Ball
1-0: Foul Ball, location: 9LDF
1-1: DOUBLE (Line Drive, 7LD, EV 105.6 MPH)
Batting: RHB Sincere Robinson 0-0: Called Strike
0-1: Foul Ball, location: 2F
0-2: Strikes out looking
Batting: RHB Nick Spielman 0-0: Ball
1-0: Ball
2-0: Foul Ball, location: 2F
2-1: DOUBLE (Line Drive, 9LD, EV 103.1 MPH)
Billy Schneider scores
Batting: RHB Steve Matteucci 0-0: Ball
1-0: Ball
2-0: Called Strike
2-1: Fly out, F9 (Flyball, 89M, EV 98.1 MPH)
Top of the 1st over - 1 run, 2 hits, 0 errors, 1 left on base; San Antonio 1 - Springfield 0
BOTTOM OF THE 1ST
Springfield Cardinals batting - Pitching for San Antonio Missions : RHP Tom Ruoff
Pitching: RHP Tom Ruoff
Batting: LHB Josh Crawford 0-0: Called Strike
0-1: Ball
1-1: Called Strike
1-2: SOLO HOME RUN (Flyball, 9D, EV 96.9 MPH), Distance : 388 ft
Batting: RHB Rick Novak 0-0: Ball
1-0: Ball
2-0: Ball
3-0: Called Strike
3-1: Fly out, F8 (Line Drive, 8RD, EV 105.6 MPH)
Batting: SHB Matt Gordon 0-0: Ball
1-0: SINGLE (Line Drive, 89S, EV 89.4 MPH)
Batting: LHB Sean Jensen 0-0: Foul Ball, location: 7LMF
0-1: Ball
1-1: Called Strike
Matt Gordon steals 2nd base
1-2: Ball
2-2: SINGLE (Groundball, 34D, EV 105.0 MPH)
Matt Gordon to third
Runner from 3rd tries for Home, SAFE, throw by RF to home
Sean Jensen to second
Batting: RHB Bob Lopez 0-0: Swinging Strike
0-1: Foul Ball, location: 9LDF
0-2: Ball
1-2: Strikes out looking
Batting: RHB Aaron Rossiter 0-0: Ball
1-0: SINGLE (Line Drive, 89M, EV 101.9 MPH)
Sean Jensen to third
Batting: RHB Sansan Loureiro 0-0: Ball
1-0: Fly out, F8 (Flyball, 8LXD, EV 89.4 MPH)
Bottom of the 1st over - 2 runs, 4 hits, 0 errors, 2 left on base; San Antonio 1 - Springfield 2
TOP OF THE 2ND
San Antonio Missions batting - Pitching for Springfield Cardinals : LHP Matt Bates
Batting: RHB Mike McMichael 0-0: Ball
1-0: Ball
2-0: Foul Ball, location: 2F
2-1: Ball
3-1: Foul Ball, location: 2F
3-2: Foul Ball, location: 2F
3-2: Base on Balls
Batting: LHB Darwin Mattair 0-0: Ball
1-0: Ball
2-0: Ball
3-0: Grounds into double play, 4-6-3 (Groundball, 4, EV 95.0 MPH)
Batting: RHB Kyle Kurtz 0-0: Ball
1-0: Ball
2-0: Ground out 6-3 (Groundball, 6MD, EV 109.4 MPH)
Top of the 2nd over - 0 runs, 0 hits, 0 errors, 0 left on base; San Antonio 1 - Springfield 2
BOTTOM OF THE 2ND
Springfield Cardinals batting - Pitching for San Antonio Missions : RHP Tom Ruoff
Batting: RHB Gabriel Galindo 0-0: SINGLE (Line Drive, 56D, EV 98.8 MPH)
Batting: SHB Dave Verge 0-0: Called Strike
0-1: Ball
1-1: Foul Ball, location: 23F
1-2: Strikes out swinging
Batting: LHB Josh Crawford 0-0: Called Strike
Gabriel Galindo steals 2nd base
0-1: Swinging Strike
0-2: Ground out 4-3 (Groundball, 4, EV 80.0 MPH)
Gabriel Galindo to third
Batting: RHB Rick Novak 0-0: Ball
1-0: Called Strike
1-1: Called Strike
1-2: Foul Ball, location: 9LDF
1-2: Ground out 6-3 (Groundball, 56, EV 105.6 MPH)
Bottom of the 2nd over - 0 runs, 1 hit, 0 errors, 1 left on base; San Antonio 1 - Springfield 2
TOP OF THE 3RD
San Antonio Missions batting - Pitching for Springfield Cardinals : LHP Matt Bates
Batting: RHB Devon Pardoe 0-0: Called Strike
0-1: Ball
1-1: Foul Ball, location: 9LMF
1-2: SINGLE (Groundball, 6MD, EV 96.9 MPH)
Batting: RHB Rich Ortiz 0-0: Called Strike
0-1: Fly out, F8 (Flyball, 8LS, EV 84.4 MPH)
Batting: SHB Billy Schneider 0-0: Called Strike
0-1: Called Strike
0-2: Ball
1-2: Ball
2-2: Ball
3-2: Base on Balls
Devon Pardoe to second
Batting: RHB Sincere Robinson 0-0: Ball
1-0: Grounds into double play, 6-4-3 (Groundball, 6, EV 83.8 MPH)
Top of the 3rd over - 0 runs, 1 hit, 0 errors, 1 left on base; San Antonio 1 - Springfield 2
BOTTOM OF THE 3RD
Springfield Cardinals batting - Pitching for San Antonio Missions : RHP Tom Ruoff
Batting: SHB Matt Gordon 0-0: Ball
1-0: Called Strike
1-1: Ground out 6-3 (Groundball, 6, EV 89.4 MPH)
Batting: LHB Sean Jensen 0-0: Called Strike
0-1: Fly out, F5 (Popup, 5, EV 62.5 MPH)
Batting: RHB Bob Lopez 0-0: Ball
1-0: Called Strike
1-1: Foul Ball, location: 2F
1-2: Ground out 5-3 (Groundball, 5, EV 89.4 MPH)
Bottom of the 3rd over - 0 runs, 0 hits, 0 errors, 0 left on base; San Antonio 1 - Springfield 2
TOP OF THE 4TH
San Antonio Missions batting - Pitching for Springfield Cardinals : LHP Matt Bates
Batting: RHB Nick Spielman 0-0: DOUBLE (Line Drive, 78M, EV 106.3 MPH)
Batting: RHB Steve Matteucci 0-0: Called Strike
0-1: Ball
1-1: Foul Ball, location: 3SF
1-2: Ball
2-2: Strikes out swinging
Batting: RHB Mike McMichael 0-0: Called Strike
0-1: Foul Ball, location: 25F
0-2: Strikes out swinging
Batting: LHB Darwin Mattair 0-0: Ball
Wild Pitch!
Nick Spielman to third
1-0: SINGLE (Line Drive, 6MD, EV 110.0 MPH)
Nick Spielman scores
Batting: RHB Kyle Kurtz 0-0: SINGLE (Line Drive, 4D, EV 95.0 MPH)
Darwin Mattair to second
Batting: RHB Devon Pardoe 0-0: Swinging Strike
0-1: Ball
1-1: Ball
2-1: Foul Ball, location: 9LDF
2-2: Foul Ball, location: 3F
2-2: Foul Ball, location: 2F
2-2: Strikes out looking
Top of the 4th over - 1 run, 3 hits, 0 errors, 2 left on base; San Antonio 2 - Springfield 2
BOTTOM OF THE 4TH
Springfield Cardinals batting - Pitching for San Antonio Missions : RHP Tom Ruoff
Batting: RHB Aaron Rossiter 0-0: SINGLE (Groundball, 6S, EV 63.8 MPH) (infield hit)
Batting: RHB Sansan Loureiro 0-0: Bunted foul
0-1: Fly out, F2 (Popup, 2RF, EV 47.5 MPH)
Batting: RHB Gabriel Galindo 0-0: Called Strike
0-1: Called Strike
Aaron Rossiter steals 2nd base
0-2: Ball
1-2: Foul Ball, location: 23F
1-2: SINGLE (Line Drive, 7S, EV 108.8 MPH)
Aaron Rossiter to third
Batting: SHB Dave Verge 0-0: Called Strike
0-1: Foul Ball, location: 3F
0-2: Strikes out swinging
Batting: LHB Josh Crawford 0-0: Ball
1-0: Swinging Strike
1-1: Foul Ball, location: 2F
1-2: Foul Ball, location: 3DF
1-2: Ball
2-2: Foul Ball, location: 5DF
2-2: Fly out, F7 (Flyball, 7S, EV 93.8 MPH)
Bottom of the 4th over - 0 runs, 2 hits, 0 errors, 2 left on base; San Antonio 2 - Springfield 2
TOP OF THE 5TH
San Antonio Missions batting - Pitching for Springfield Cardinals : LHP Matt Bates
DELAY Rain delay of 15 minutes in the 5th inning.
Batting: RHB Rich Ortiz 0-0: Ball
1-0: Ball
2-0: Called Strike
2-1: Ball
3-1: Base on Balls
Batting: SHB Billy Schneider 0-0: SINGLE (Line Drive, 89S, EV 103.1 MPH)
Rich Ortiz to second
Batting: RHB Sincere Robinson 0-0: Called Strike
0-1: Swinging Strike
0-2: Ball
1-2: Strikes out swinging
Batting: RHB Nick Spielman 0-0: Ball
1-0: Ball
2-0: Called Strike
2-1: Ball
3-1: Base on Balls
Rich Ortiz to third
Billy Schneider to second
Batting: RHB Steve Matteucci 0-0: Ball
1-0: Ball
2-0: Ball
3-0: Called Strike
3-1: Swinging Strike
3-2: Base on Balls
Rich Ortiz scores
Billy Schneider to third
Nick Spielman to second
Batting: RHB Mike McMichael 0-0: Called Strike
0-1: Called Strike
0-2: Grounds into double play, 6-2-3 (Groundball, 6, EV 101.3 MPH)
Top of the 5th over - 1 run, 1 hit, 0 errors, 2 left on base; San Antonio 3 - Springfield 2
BOTTOM OF THE 5TH
Springfield Cardinals batting - Pitching for San Antonio Missions : RHP Tom Ruoff
Batting: RHB Rick Novak 0-0: Ball
1-0: Called Strike
1-1: Called Strike
1-2: Ball
2-2: Strikes out swinging
Batting: SHB Matt Gordon 0-0: Foul Ball, location: 7LDF
0-1: Ball
1-1: Ground out 4-3 (Groundball, 4S, EV 76.9 MPH)
Batting: LHB Sean Jensen 0-0: Ball
1-0: Fly out, F8 (Flyball, 8LM, EV 93.8 MPH)
Bottom of the 5th over - 0 runs, 0 hits, 0 errors, 0 left on base; San Antonio 3 - Springfield 2
TOP OF THE 6TH
San Antonio Missions batting - Pitching for Springfield Cardinals : LHP Matt Bates
Batting: LHB Darwin Mattair 0-0: Called Strike
0-1: Foul Ball, location: 7LDF
0-2: Ball
1-2: Foul Ball, location: 7LDF
1-2: Ball
SINGLE, rundown, out at 1st!
Pitching: RHP Chris Kinnie
Batting: RHB Kyle Kurtz 0-0: Swinging Strike
0-1: Ball
1-1: Foul Ball, location: 5DF
1-2: Foul Ball, location: 2F
1-2: Foul Ball, location: 2F
1-2: Ball
2-2: Strikes out swinging
Batting: RHB Devon Pardoe 0-0: Called Strike
0-1: Foul Ball, location: 23F
0-2: Strikes out looking
Top of the 6th over - 0 runs, 1 hit, 0 errors, 0 left on base; San Antonio 3 - Springfield 2
BOTTOM OF THE 6TH
Springfield Cardinals batting - Pitching for San Antonio Missions : RHP Tom Ruoff
Pitching: LHP Francisco Ruelas
Batting: RHB Bob Lopez 0-0: Called Strike
0-1: Ball
1-1: Ball
2-1: Foul Ball, location: 5F
2-2: Ball
3-2: Fly out, F3 (Line Drive, 3L, EV 65.6 MPH)
Batting: RHB Aaron Rossiter 0-0: Called Strike
0-1: Ball
1-1: Fly out, F8 (Flyball, 8LD, EV 88.1 MPH)
Batting: RHB Sansan Loureiro 0-0: Foul Ball, location: 9LSF
0-1: SINGLE (Groundball, 4, EV 100.6 MPH)
Batting: RHB Gabriel Galindo 0-0: Ball
1-0: Ball
2-0: Ball
3-0: Base on Balls
Sansan Loureiro to second
Batting: SHB Dave Verge 0-0: Ball
1-0: Foul Ball, location: 5F
1-1: Foul Ball, location: 5SF
1-2: Strikes out looking
Bottom of the 6th over - 0 runs, 1 hit, 0 errors, 2 left on base; San Antonio 3 - Springfield 2
TOP OF THE 7TH
San Antonio Missions batting - Pitching for Springfield Cardinals : RHP Chris Kinnie
Batting: RHB Rich Ortiz 0-0: Ball
1-0: SOLO HOME RUN (Flyball, 78XD, EV 105.6 MPH), Distance : 418 ft
Batting: SHB Billy Schneider 0-0: DOUBLE (Line Drive, 5D, EV 93.8 MPH)
Batting: RHB Sincere Robinson 0-0: Ground out 6-3 (Groundball, 6, EV 95.6 MPH)
Batting: RHB Nick Spielman 0-0: Called Strike
0-1: SINGLE (Groundball, 6MD, EV 105.6 MPH)
Billy Schneider to third
Runner from 3rd tries for Home, SAFE, throw by CF to home
Batting: RHB Steve Matteucci 0-0: Ball
1-0: Fly out, F1 (Line Drive, P, EV 66.3 MPH)
Lined into DP, 1-3 (Line Drive, P, EV 66.3 MPH)
Top of the 7th over - 2 runs, 3 hits, 0 errors, 0 left on base; San Antonio 5 - Springfield 2
BOTTOM OF THE 7TH
Springfield Cardinals batting - Pitching for San Antonio Missions : LHP Francisco Ruelas
Batting: LHB Josh Crawford 0-0: Ball
1-0: Ball
2-0: Called Strike
2-1: DOUBLE (Line Drive, 7LM, EV 100.6 MPH)
Batting: RHB Rick Novak 0-0: Called Strike
0-1: Swinging Strike
0-2: Strikes out swinging
Batting: SHB Matt Gordon 0-0: Called Strike
0-1: Ball
1-1: Ball
2-1: Ball
3-1: Base on Balls
Batting: RHB John Johansen 0-0: Called Strike
0-1: Foul Ball, location: 2F
0-2: Foul Ball, location: 9LMF
0-2: Strikes out swinging
Batting: RHB Bob Lopez 0-0: Fly out, F8 (Flyball, 89M, EV 98.1 MPH)
Bottom of the 7th over - 0 runs, 1 hit, 0 errors, 2 left on base; San Antonio 5 - Springfield 2
TOP OF THE 8TH
San Antonio Missions batting - Pitching for Springfield Cardinals : RHP Chris Kinnie
Batting: RHB Mike McMichael 0-0: Foul Ball, location: 2F
0-1: Called Strike
0-2: Ball
1-2: Foul Ball, location: 9LMF
1-2: Strikes out looking
Batting: LHB Darwin Mattair 0-0: Ball
1-0: Called Strike
1-1: Fly out, F2 (Popup, 23F, EV 78.8 MPH)
Batting: RHB Kyle Kurtz 0-0: Foul Ball, location: 9LMF
0-1: SINGLE (Groundball, 6MD, EV 96.9 MPH)
Batting: RHB Devon Pardoe 0-0: Called Strike
0-1: Ball
1-1: Ball
2-1: Swinging Strike
2-2: Strikes out swinging
Top of the 8th over - 0 runs, 1 hit, 0 errors, 1 left on base; San Antonio 5 - Springfield 2
BOTTOM OF THE 8TH
Springfield Cardinals batting - Pitching for San Antonio Missions : LHP Francisco Ruelas
Batting: RHB Aaron Rossiter 0-0: Ball
1-0: SINGLE (Groundball, 34D, EV 106.3 MPH)
Pitching: RHP Jacob Magaw
Batting: RHB Sansan Loureiro 0-0: Called Strike
0-1: Ball
Balk!
Aaron Rossiter to second
1-1: Fly out, F3 (Popup, 3SF, EV 80.6 MPH)
Pinch Hitting: RHB Carlos Canto 0-0: Called Strike
0-1: Ball
1-1: Ball
2-1: Reached on error, E5 (Groundball, 56, EV 83.8 MPH)
Batting: SHB Dave Verge 0-0: Called Strike
0-1: Ball
1-1: Ball
2-1: Swinging Strike
2-2: DOUBLE (Line Drive, 9LS, EV 88.8 MPH)
Aaron Rossiter scores
Carlos Canto to third
Batting: LHB Josh Crawford 0-0: Ball
1-0: Ball
2-0: Ball
3-0: Base on Balls
Pinch Hitting: RHB Armando Aguilar 0-0: Foul Ball, location: 7LMF
0-1: Fly out, F9 (Flyball, 9LSF, EV 96.3 MPH)
Batting: SHB Matt Gordon 0-0: Ball
1-0: Swinging Strike
1-1: Called Strike
1-2: Foul Ball, location: 3SF
1-2: Strikes out swinging
Bottom of the 8th over - 1 run, 2 hits, 1 error, 3 left on base; San Antonio 5 - Springfield 3
TOP OF THE 9TH
San Antonio Missions batting - Pitching for Springfield Cardinals : RHP Chris Kinnie
Now at SS: Carlos Canto
Now in LF: Armando Aguilar
Now in CF: Josh Crawford
Batting: RHB Rich Ortiz 0-0: Called Strike
0-1: Ball
1-1: Ball
2-1: Called Strike
2-2: Foul Ball, location: 3FF
2-2: Ground out 6-3 (Groundball, 6, EV 86.9 MPH)
Batting: SHB Billy Schneider 0-0: Ball
1-0: Called Strike
1-1: Foul Ball, location: 25F
1-2: Foul Ball, location: 2F
1-2: Foul Ball, location: 3F
1-2: Strikes out looking
Batting: RHB Sincere Robinson 0-0: Foul Ball, location: 2F
0-1: Swinging Strike
0-2: Foul Ball, location: 7LDF
0-2: Strikes out swinging
Top of the 9th over - 0 runs, 0 hits, 0 errors, 0 left on base; San Antonio 5 - Springfield 3
BOTTOM OF THE 9TH
Springfield Cardinals batting - Pitching for San Antonio Missions : RHP Jacob Magaw
Now at 1B: Billy Schneider
Now in LF: Nick Spielman
Now in RF: Alejandro Rivera
Batting: RHB John Johansen 0-0: Swinging Strike
0-1: Ball
1-1: Ball
2-1: Swinging Strike
2-2: Ball
3-2: SOLO HOME RUN (Flyball, 78XD, EV 106.9 MPH), Distance : 412 ft
Batting: RHB Bob Lopez 0-0: Ball
1-0: Called Strike
1-1: Ball
2-1: Foul Ball, location: 5FF
2-2: Ball
3-2: Fly out, F8 (Flyball, 8LS, EV 88.1 MPH)
Batting: RHB Aaron Rossiter 0-0: Called Strike
0-1: Ball
1-1: Ball
2-1: Called Strike
2-2: Ball
3-2: Base on Balls
Batting: RHB Sansan Loureiro 0-0: Fly out, F7 (Flyball, 78M, EV 83.8 MPH)
Batting: RHB Carlos Canto 0-0: Ball
1-0: Ball
Passed Ball!
Aaron Rossiter to second
2-0: Fly out, F9 (Flyball, 9, EV 95.0 MPH)
Bottom of the 9th over - 1 run, 1 hit, 0 errors, 1 left on base; San Antonio 5 - Springfield 4
Saturday, May 11th , 2024 - OOTP Baseball 24.11 Build 85